 Dungeon Crawl Stone Soup version bcrawl-1.21.2-28-g2cb1824106 (webtiles) character file.

Game seed: 9624798703172339724

163 Mrkan the Chopper (level 5, -4/47 HPs)
             Began as a Minotaur Fighter on Mar 23, 2020.
             Was an Initiate of the Shining One.
             Killed by nerve-wracking pain
             ... invoked by Grinder
              (10 damage)
             ... on level 3 of the Dungeon.
             The game lasted 00:02:41 (2097 turns).

Mrkan the Chopper (Minotaur Fighter)                Turns: 2097, Time: 00:02:42

Health: -4/47      AC:  7    Str: 21    XL:     5   Next: 20%
Magic:  4/4        EV:  7    Int:  5    God:    the Shining One [......]
Gold:   89         SH:  9    Dex: 10    Spells: 4/4 levels left

rFire    . . .     SeeInvis .   a - +0 war axe
rCold    . . .     Gourm    .   c - +0 medium shield
rNeg     . . .     Faith    .   b - +0 scale mail
rPois    .         Spirit   .   (helmet restricted)
rElec    .         Reflect  .   (no cloak)
rCorr    .         Harm     .   (no gloves)
MR       .....                  (no boots)
Stlth    ..........             (no amulet)
HPRegen  0.15/turn              (no ring)
MPRegen  0.09/turn              (no ring)

@: glowing
A: retaliatory headbutt, horns 2
a: Renounce Religion


You were on level 3 of the Dungeon.
You worshipped the Shining One.
The Shining One was noncommittal.
You were not hungry.

You visited 1 branch of the dungeon, and saw 3 of its levels.

You collected 89 gold pieces.

Inventory:

Hand Weapons
 a - a +0 war axe (weapon)
Armour
 b - a +0 scale mail (worn)
 c - a +0 medium shield (worn)
Scrolls
 f - a scroll of teleportation {unknown}
 g - 2 scrolls of remove curse {unknown}
 j - a scroll of enchant weapon {unknown}
 m - 4 scrolls of blinking {unknown}
 n - 2 scrolls of identify {unknown}
 p - a scroll of enchant armour {unknown}
 q - a scroll of magic mapping {unknown}
Potions
 d - 2 potions of might
 h - a potion of mutation {unknown}
 i - 2 potions of curing {unknown}
 k - 2 potions of resistance {unknown}
 l - a potion of agility {unknown}
Comestibles
 e - 2 rations {!d}
 o - 4 chunks of flesh


   Skills:
 + Level 4.5 Fighting
 * Level 4.5 Axes
 + Level 4.5 Armour
 + Level 4.5 Shields


You had 4 spell levels left.
You didn't know any spells.
Your spell library was empty.

Dungeon Overview and Level Annotations

Branches:
Dungeon (3/12)

Altars:
Nemelex Xobeh
The Shining One

Annotations:
D:3 Grinder


Innate Abilities, Weirdness & Mutations

You reflexively headbutt those who attack you in melee.
You have a pair of horns on your head.


Message History

Grinder blinks!
Grinder blinks!
Grinder gestures at you. Pain shoots through your body!
* * * LOW HITPOINT WARNING * * *
Grinder blinks!
Grinder blinks!
Grinder is too close now for your liking.
Grinder is nearby!
Grinder gestures at you. Pain shoots through your body!
* * * LOW HITPOINT WARNING * * *
You hit Grinder.
Grinder is almost dead.
Grinder hits you but does no damage. You block Grinder's attack.
You hit Grinder.
Grinder is almost dead.
Grinder gestures at you. Pain shoots through your body!
You die...

#.....# #....^...#...# #.....#
######.....##....##
###..########..........##......
#......<.# .#####..####.#####
##...###.##.# ###.......#
###.###....###....######
####....<..###[.##.#
#####.)....###..##.###.#
...#..###.......@......#
..........#.###5#.######
......#####..##.#.# ......#
##.##...# #. ......#
#......######... ....>##
####..........# ..)..#
##..#.)#..#### .....#
#####..###....## .....#
#.....## ##....####


You could see Grinder.

Vanquished Creatures
  A centaur (D:3)
  An orc wizard (D:3)
  An adder (D:3)
  A worm (D:3)
  2 dart slugs (D:2)
  A leopard gecko (D:3)
  6 orcs
  A ball python (D:1)
  A giant cockroach (D:3)
  3 goblins
  2 hobgoblins
  A jackal (D:1)
  A quokka (D:3)
  5 bats
  8 kobolds
  A rat (D:2)
36 creatures vanquished.

Notes
Turn   | Place    | Note
-------+----------+-------------------------------------------
     0 | D:1      | Mrkan the Minotaur Fighter began the quest for the Orb.
     0 | D:1      | Reached XP level 1. HP: 19/19 MP: 0/0
  1067 | D:2      | Reached XP level 2. HP: 27/27 MP: 1/1
  1336 | D:2      | Found a glowing golden altar of the Shining One.
  1381 | D:2      | Became a worshipper of the Shining One
  1732 | D:3      | Reached XP level 3. HP: 33/33 MP: 2/2
  1803 | D:3      | Found a sparkling altar of Nemelex Xobeh.
  1928 | D:3      | Reached XP level 4. HP: 32/40 MP: 3/3
  1929 | D:3      | Noticed a centaur
  1936 | D:3      | Killed a centaur
  1936 | D:3      | Reached XP level 5. HP: 32/47 MP: 4/4
  2063 | D:3      | Noticed Grinder
  2080 | D:3      | Paralysed by Grinder for 3 turns
  2097 | D:3      | Killed from afar by Grinder

Skill      XL: |  1  2  3  4 |
---------------+-------------+-----
Axes           | 3 4 |  4.5
Armour         | 4 |  4.5
Fighting       | 4 |  4.5
Shields        | 4 |  4.5

Action                   |  1- 3 |  4- 6 || total
-------------------------+-------+-------++-------
Melee: War axe           |    80 |    19 ||    99
       Headbutt          |    15 |     2 ||    17
  Eat: Chunk             |     3 |     1 ||     4
Armor: Scale mail        |    38 |     3 ||    41
Dodge: Dodged            |    26 |     5 ||    31
Block: Medium shield     |    59 |    18 ||    77
